Map: Romanticide LE

Players

Epic

  • Race: Terran Terran
  • League: Grandmaster

Scarlett - Winner!

  • Race: Zerg Zerg

Event: DreamHack SC2 Masters 2021 Summer

VOD

Have the link to the VOD?

Description

Time

  • Played on: May 25, 2021, 5:25 p.m.
  • Length: 4:07

All games in this series

Show
View Real Time Build Order
Export as new Build Order

Epic Terran 

Build Orders: Reaper Expand 

Get SALT Encoding   

  12  0:00  SCV  
  13  0:12  SCV  
  14  0:17  Supply Depot  
  14  0:24  SCV  
  15  0:38  SCV  
  15  0:39  Barracks  
  16  0:43  Refinery  
  16  0:50  SCV  
  17  1:03  SCV  
  18  1:15  SCV  
  19  1:27  Reaper, Orbital Command  
  20  1:38  Command Center  
  20  1:46  Supply Depot  
  20  1:53  SCV  
  21  1:59  Marine  
  22  2:05  SCV  
  23  2:10  Factory  
  23  2:11  Refinery  
  23  2:17  SCV  
  23  2:21  Barracks Reactor  
  24  2:29  SCV  
  24  2:41  SCV  
  24  2:42  Bunker  
  24  2:47  Bunker  
  24  2:53  Factory Tech Lab  
  24  2:54  SCV  
  24  2:57  Marine  
  24  2:58  Marine  
  26  3:01  Orbital Command  
  25  3:06  SCV  
  23  3:14  Cyclone  
  23  3:15  Marine  
  23  3:19  Marine  
  27  3:22  SCV  
  28  3:35  SCV  
  28  3:36  Marine  
  27  3:48  SCV  
Show
View Real Time Build Order
Export as new Build Order

Scarlett Zerg - Winner!

Build Orders: Hatch First, Ravager All-In 

Get SALT Encoding   

  12  0:00  Drone  
  13  0:12  Overlord  
  13  0:17  Drone  
  14  0:30  Drone x2  
  14  0:35  Drone  
  17  0:52  Hatchery  
  17  0:55  Drone  
  17  0:58  Drone  
  18  1:10  Extractor  
  17  1:12  Spawning Pool  
  17  1:16  Drone  
  17  1:20  Drone  
  18  1:27  Drone  
  19  1:38  Drone  
  20  1:49  Drone  
  20  1:52  Extractor  
  20  1:59  Roach Warren, Queen  
  21  2:04  Queen  
  21  2:05  Zergling x2  
  21  2:06  Drone  
  25  2:11  Drone  
  26  2:21  Overlord  
  26  2:38  Drone  
  26  2:40  Roach x3  
  33  2:46  Overlord  
  33  2:52  Roach  
  35  3:08  Roach  
  35  3:09  Ravager x2  
  35  3:10  Ravager  
  39  3:13  Overlord  
  39  3:14  Drone  
  40  3:22  Ravager  
  41  3:29  Queen  
  41  3:31  Overlord  
  43  3:37  Ravager  
  44  3:45  Roach x3  
  50  3:54  Drone x4  
Tags
 
Add a new tag
Caveats
  • Supply blocks, unpowered buildings, or Contaminate may cause inaccurate times.
  • Supply counts are checked every 10 seconds.